 Dungeon Crawl Stone Soup version 0.30-a0-723-gc1506a1cf0 (webtiles) character file.

Game seed: 16891297515596546913

63 Leeroy the Grasshopper (level 4, -2/38 HPs)
             Began as a Gnoll Warper on Jan 28, 2023.
             Slain by a hound (3 damage)
             ... on level 3 of the Dungeon.
             The game lasted 00:02:39 (1270 turns).

Leeroy the Grasshopper (Gnoll Warper)               Turns: 1270, Time: 00:02:40

Health: -2/38      AC:  3    Str: 10    XL:     4   Next: 9%
Magic:  11/11      EV: 12    Int: 13    God:
Gold:   145        SH:  4    Dex: 13    Spells: 5/13 levels left

rFire   . . .      SeeInvis .    f - +2 dagger (speed)
rCold   . . .      Faith    .    n - +0 buckler
rNeg    . . .      Spirit   .    b - +0 leather armour
rPois   .          Reflect  .    (no helmet)
rElec   .          Harm     .    (no cloak)
rCorr   .          Rampage  .    (no gloves)
Will    .....                    (no boots)
Stlth   +                        (no amulet)
HPRegen 0.26/turn                e - ring of flight
MPRegen 0.12/turn                (no ring)

@: flying
A: fangs 1, strong nose, distributed training
a: no special abilities


You were on level 3 of the Dungeon.
You visited 1 branch of the dungeon, and saw 3 of its levels.

You collected 145 gold pieces.

Inventory:

Hand Weapons
 a - a +0 falchion
 f - a +2 dagger of speed (weapon)
 j - a +0 whip of freezing
Missiles
 d - 7 boomerangs of dispersal (quivered)
Armour
 b - a +0 leather armour (worn)
 n - a +0 buckler (worn)
Jewellery
 e - a ring of flight (left hand)
 i - an amulet of faith
Scrolls
 c - a scroll of blinking
 g - a scroll of fog {unknown}
 h - a scroll of identify {unknown}
Potions
 k - a potion of flight {unknown}
 l - 2 potions of invisibility {unknown}
 m - a potion of degeneration {unknown}


   Skills:
 + Level 4.6 Fighting
 + Level 1.1 Short Blades
 + Level 4.6 Long Blades
 + Level 1.1 Axes
 + Level 1.1 Maces & Flails
 + Level 1.1 Polearms
 + Level 1.1 Staves
 + Level 1.1 Ranged Weapons
 + Level 2.7 Throwing
 + Level 2.7 Armour
 + Level 4.6 Dodging
 + Level 1.1 Stealth
 + Level 1.1 Shields
 + Level 1.1 Unarmed Combat
 + Level 5.0 Spellcasting
 + Level 0.8 Conjurations
 + Level 0.8 Hexes
 + Level 0.8 Summonings
 + Level 0.8 Necromancy
 + Level 5.4 Translocations
 + Level 0.8 Transmutations
 + Level 0.8 Fire Magic
 + Level 0.8 Ice Magic
 + Level 0.8 Air Magic
 + Level 0.8 Earth Magic
 + Level 0.8 Poison Magic
 + Level 1.2 Invocations
 + Level 1.1 Evocations


You had 5 spell levels left.
You knew the following spells:

 Your Spells              Type           Power      Damage    Failure   Level
a - Blink                 Tloc           34%        N/A       5%          2
b - Vhi's Electric Charg  Tloc/Air       22%        N/A       26%         3
c - Teleport Other        Tloc           17%        N/A       11%         3

Your spell library contained the following spells:

 Spells                   Type           Power      Damage    Failure   Level
 Lesser Beckoning         Tloc           34%        N/A       5%          2
 Sting                    Tmut/Pois      20%        1d4       24%         1
 Poisonous Vapours        Pois/Air       10%        N/A       34%         2
 Manifold Assault         Tloc           17%        N/A       34%         4
 Olgreb's Toxic Radiance  Pois           5%         N/A       93%         4


Dungeon Overview and Level Annotations

Branches:
Dungeon (3/15)

Altars:


Innate Abilities, Weirdness & Mutations

You have very sharp teeth.
Your uncanny sense of smell can sniff out nearby items.
Your experience applies equally to all skills.


Message History

The kobold misses you.
You hit the kobold.
You kill the kobold!
You feel sick.
You feel sick.
You are no longer poisoned.
The hound barely misses you. The hound bites you.
* * * LOW HITPOINT WARNING * * *
Things that are here:
a +0 whip; a scroll labelled LUMNAS JEPPE; a kobold corpse You hit the hound.
The hound is lightly wounded.
The hound bites you but does no damage.
You closely miss the hound.
The hound is lightly wounded.
The hound misses you.
You closely miss the hound.
The hound is lightly wounded.
The hound bites you but does no damage.
You hit the hound.
The hound is moderately wounded.
You block the hound's attack.
You hit the hound.
The hound is severely wounded.
You block the hound's attack.
You miss the hound. You bite the hound, but do no damage.
The hound is severely wounded.
The hound bites you.
* * * LOW HITPOINT WARNING * * *
You hit the hound.
The hound is almost dead.
The hound bites you.
* * * LOW HITPOINT WARNING * * *
You closely miss the hound.
The hound is almost dead.
You block the hound's attack.
You barely miss the hound.
The hound is almost dead.
The hound bites you.
You die...

#..# .<.. #..#
#..##### #..##..∆
#..##.# # #
#..##.####.###
####.##.......@h...#
.........######.#....#
#####.#..# .# .## #
#..# .# #..# .. #..#
.# #..# .# #.#. .#
.###.


You could see a hound.

Vanquished Creatures
  A gnoll (D:1)
  2 adders
  4 endoplasms
  A giant cockroach (D:1)
  2 goblins (D:2)
  A hobgoblin (D:2)
  4 jackals (D:2)
  5 kobolds
  5 ball pythons
  3 bats
  2 frilled lizards (D:1)
  6 rats
36 creatures vanquished.

Notes
Turn   | Place    | Note
-------+----------+-------------------------------------------
     0 | D:1      | Leeroy the Gnoll Warper began the quest for the Orb.
     0 | D:1      | Reached XP level 1. HP: 20/20 MP: 6/6
   124 | D:1      | Reached XP level 2. HP: 4/26 MP: 7/7
   138 | D:1      | Learned a level 2 spell: Blink
   545 | D:1      | Reached skill level 5 in Spellcasting
   545 | D:1      | Reached XP level 3. HP: 30/31 MP: 7/9
  1031 | D:2      | Learned a level 3 spell: Vhi's Electric Charge
  1035 | D:2      | Learned a level 3 spell: Teleport Other
  1064 | D:2      | Reached skill level 1 in Invocations
  1142 | D:2      | Reached skill level 1 in Short Blades
  1142 | D:2      | Reached skill level 1 in Axes
  1142 | D:2      | Reached skill level 1 in Maces & Flails
  1142 | D:2      | Reached skill level 1 in Polearms
  1142 | D:2      | Reached skill level 1 in Staves
  1142 | D:2      | Reached skill level 1 in Ranged Weapons
  1142 | D:2      | Reached skill level 1 in Stealth
  1142 | D:2      | Reached skill level 1 in Shields
  1142 | D:2      | Reached skill level 1 in Unarmed Combat
  1142 | D:2      | Reached skill level 1 in Evocations
  1236 | D:2      | You are sucked into a shaft and drop 1 floor!
  1256 | D:3      | Reached XP level 4. HP: 13/38 MP: 11/11
  1268 | D:3      | HP: 1/38 [hound (3)]
  1270 | D:3      | Slain by a hound

Illustrated notes

Levels and vault maps discovered:
D:1:      dpeg_arrival_water_temple_mockup, layout_loops_ring, hex_tiny
D:2:      layout_basic, grunt_ministairs_14, chequers_serial_rivers_small_b,
          uniq_terence, uniq_crazy_yiuf_cottage
D:3:      layout_loops_ring, basic_ecumenical_altar, minmay_misc_feat_ornament

Skill      XL: |  1  2  3 |
---------------+----------+-----
Spellcasting   | 5 |  5.0
Invocations    | 1 |  1.2
Short Blades   | 1 |  1.1
Axes           | 1 |  1.1
Maces & Flails | 1 |  1.1
Polearms       | 1 |  1.1
Staves         | 1 |  1.1
Ranged Weapons | 1 |  1.1
Stealth        | 1 |  1.1
Shields        | 1 |  1.1
Unarmed Combat | 1 |  1.1
Evocations     | 1 |  1.1
Fighting       | |  4.6
Long Blades    | |  4.6
Throwing       | |  2.7
Armour         | |  2.7
Dodging        | |  4.6
Conjurations   | |  0.8
Hexes          | |  0.8
Summonings     | |  0.8
Necromancy     | |  0.8
Translocations | |  5.4
Transmutations | |  0.8
Fire Magic     | |  0.8
Ice Magic      | |  0.8
Air Magic      | |  0.8
Earth Magic    | |  0.8
Poison Magic   | |  0.8

Action                     |  1- 3 |  4- 6 || total
---------------------------+-------+-------++-------
  Melee: Dagger            |   103 |    14 ||   117
         Falchion          |     5 |       ||     5
         Bite              |    14 |     2 ||    16
         Punch             |     1 |       ||     1
   Stab: Sleeping          |     2 |       ||     2
 Armour: Leather armour    |    12 |     2 ||    14
  Dodge: Dodged            |    64 |     5 ||    69
  Block: Buckler           |     1 |     3 ||     4

Table legend: (Time is in decaauts)
 A = Elapsed time spent in this place.
 B = Non-inter-level travel time spent in this place.
 C = Inter-level travel time spent in this place.
 D = Time resting spent in this place.
 E = Time spent auto-exploring this place.
 F = Levels seen in this place.
 G = Mean time per level.
                   A        B        C        D        E       F      G
               +--------+--------+--------+--------+--------+-----+--------+
         Total |   1222 |   1174 |     48 |      0 |    936 |   3 |  407.3 |
       Dungeon |   1222 |   1174 |     48 |      0 |    936 |   3 |  407.3 |
               +--------+--------+--------+--------+--------+-----+--------+

Top non-repeatable levels by time:
     D:1: 793 daAuts
     D:2: 403 daAuts
     D:3: 25 daAuts
